 Dungeon Crawl Stone Soup version 0.31-a0-264-ga0b03e459d (webtiles) character file.

Game seed: 2193594231997960455

396 qw the Shooter (level 6, 0/52 HPs)
             Began as a Minotaur Hexslinger on July 13, 2023.
             Shot with an arrow by a centaur (4 damage)
             ... on level 5 of the Dungeon.
             The game lasted 00:01:13 (3378 turns).

qw the Shooter (Minotaur Hexslinger)                Turns: 3378, Time: 00:01:14

Health: 0/52       AC:  6    Str: 13    XL:     6   Next: 52%
Magic:  0/6        EV: 11    Int: 10    God:
Gold:   204        SH:  0    Dex: 14    Spells: 6/7 levels left

rFire   . . .        Y - +1 sling
rCold   . . .        (no shield)
rNeg    . . .        j - +0 ring mail
rPois   .            (helmet restricted)
rElec   .            (no cloak)
rCorr   .            (no gloves)
SInv    .            m - +0 pair of boots
Will    .....        a - amulet of guardian spirit
Stlth   +            (no ring)
HPRegen 0.28/turn    (no ring)
MPRegen 0.10/turn

%: guardian spirit
@: about to teleport
A: horns 2, retaliatory headbutt
a: no special abilities


You were on level 5 of the Dungeon.
You visited 1 branch of the dungeon, and saw 6 of its levels.

You collected 204 gold pieces.


Innate Abilities, Weirdness & Mutations

You have a pair of horns on your head.
You reflexively headbutt those who attack you in melee.


   Skills:
 - Level 4.3 Fighting
 + Level 6.5 Ranged Weapons
 - Level 1.0 Armour
 - Level 2.1 Dodging
 - Level 1.0 Spellcasting
 - Level 2.0 Hexes


You had 6 spell levels left.
You knew the following spells:

 Your Spells              Type           Power      Damage    Failure   Level
a - Slow                  Hex            16%        N/A       32%         1

Your spell library contained the following spells:

 Spells                   Type           Power      Damage    Failure   Level
 Inner Flame              Hex/Fire       2%         N/A       82%         3
 Portal Projectile        Hex/Tloc       4%         N/A       82%         3
 Cause Fear               Hex            2%         N/A       97%         4

Inventory:

Hand Weapons
 Y - a +1 sling (weapon)
Armour
 j - a +0 ring mail (worn)
 m - a +0 pair of boots (worn)
Jewellery
 a - an amulet of guardian spirit (around neck)
Scrolls
 c - 2 scrolls of identify
 h - a scroll of teleportation
Potions
 b - 3 potions of curing
 d - 2 potions of heal wounds
 e - a potion of attraction {unknown}
 f - a potion of lignification {unknown}
 g - a potion of enlightenment
 i - a potion of haste {unknown}
 k - a potion of mutation {unknown}
 n - a potion of experience {unknown}

Dungeon Overview and Level Annotations

Branches:
Dungeon (6/15)
 Temple: D:4-7

Altars:
Cheibriados
Uskayaw


Message History

You shoot a sling bullet. The sling bullet hits the centaur.
The centaur is moderately wounded.
The centaur shoots an arrow.
The arrow closely misses you.
You shoot a sling bullet.
The sling bullet barely misses the centaur.
The centaur shoots an arrow.
The arrow barely misses you.
You shoot a sling bullet. The sling bullet hits the centaur.
The centaur is heavily wounded.
The centaur shoots an arrow.
The arrow hits you!
The centaur shoots an arrow.
The arrow closely misses you.
You shoot a sling bullet.
The sling bullet hits the centaur but does no damage.
The centaur is heavily wounded.
The centaur shoots an arrow.
The arrow closely misses you.
The centaur shoots an arrow.
The arrow barely misses you.
You shoot a sling bullet.
The sling bullet hits the centaur but does no damage.
The centaur is heavily wounded.
The centaur shoots an arrow.
The arrow hits you!
You shoot a sling bullet.
The sling bullet hits the centaur but does no damage.
The centaur is heavily wounded.
The centaur shoots an arrow.
The arrow hits you.
The centaur shoots an arrow.
The arrow hits you!
You shoot a sling bullet. The sling bullet hits the centaur.
The centaur is severely wounded.
The centaur shoots an arrow.
The arrow hits you!
The centaur shoots an arrow.
The arrow barely misses you.
You shoot a sling bullet.
The sling bullet barely misses the centaur.
The centaur shoots an arrow.
The arrow closely misses you.
You shoot a sling bullet. The sling bullet hits the centaur.
The centaur is severely wounded.
The centaur shoots an arrow.
The arrow hits you!
The centaur shoots an arrow.
The arrow barely misses you.
3378 ||| READING 2 scrolls of teleportation.
As you read the scroll of teleportation, it crumbles to dust.
You feel strangely unstable.
The centaur shoots an arrow.
The arrow hits you.
You die...

##...# .##.## #
...<# #.#
.##.######.#######
.##......<.....!.#
.##.####.......#.##
....# #..# #
#....###.#
###.###.##
##....c..#
#.......##+##..@.#
#..##...........##
#..###.8.....8..#
#..# #..8.8..#.#
#..# #......##.#
.... #.####.##.#
#.... # #.....#
#.#.# #.##### ##.##


You could see a centaur.

Vanquished Creatures
  An ogre (D:4)
  2 hounds
  2 jellies
  8 adders
  2 gnolls (D:6)
  2 ufetubi
  4 worms
  2 dart slugs
  6 orcs
  6 ball pythons
  4 bats
  5 endoplasms
  3 giant cockroaches
  6 goblins
  6 hobgoblins
  5 kobolds
  7 quokkas
  2 frilled lizards
  4 rats
77 creatures vanquished.

Notes
Turn   | Place    | Note
-------+----------+-------------------------------------------
     0 | D:1      | qw the Minotaur Hexslinger began the quest for the Orb.
     0 | D:1      | Reached XP level 1. HP: 16/16 MP: 1/1
     0 | D:1      | 0 ||| qw: Version: 0.3-a-52-g30416fa
     0 | D:1      | 0 ||| qw: Game counter: 7555
     0 | D:1      | 0 ||| qw: Melee chars always use a shield: true
     0 | D:1      | 0 ||| qw: God list: Okawaru
     0 | D:1      | 0 ||| qw: Allow faded altars: false
     0 | D:1      | 0 ||| qw: Do Orc after clearing Dungeon:15 true
     0 | D:1      | 0 ||| qw: Do second Lair branch before Depths: true
     0 | D:1      | 0 ||| qw: Lair rune preference: random
     0 | D:1      | 0 ||| qw: Goals: Normal
     0 | D:1      | 0 ||| PLANNING D:1-11
    94 | D:1      | Reached skill level 3 in Ranged Weapons
   142 | D:1      | Reached XP level 2. HP: 23/23 MP: 2/2
   603 | D:1      | 603 ||| UPGRADING to +0 ring mail.
   613 | D:1      | 613 ||| DROPPING +0 robe.
   614 | D:1      | 614 ||| READING scroll labelled DAD REPOBRI.
   615 | D:1      | 615 ||| READING scroll labelled TUNEAZ PAFAU.
   616 | D:1      | 616 ||| READING scroll labelled QIOCKA ESSOPENG.
   617 | D:1      | 617 ||| READING 2 scrolls labelled SAN FAGOJUGI.
   621 | D:1      | 621 ||| READING scroll labelled DEQEYT VUNOMI.
   622 | D:1      | 622 ||| DRINKING 3 yellow potions.
   623 | D:1      | 623 ||| DRINKING 2 murky blue potions.
   627 | D:1      | 627 ||| DROPPING scroll of poison.
   628 | D:1      | 628 ||| DROPPING potion of ambrosia.
   675 | D:2      | Reached XP level 3. HP: 12/29 MP: 3/3
   764 | D:2      | 764 ||| STAIRDANCE
   768 | D:1      | Reached skill level 4 in Ranged Weapons
   795 | D:1      | 795 ||| UPGRADING to amulet of guardian spirit.
   863 | D:2      | Reached skill level 1 in Armour
   969 | D:2      | Reached XP level 4. HP: 35/36 MP: 4/4
  1355 | D:2      | 1355 ||| DRINKING 3 pink potions.
  1677 | D:3      | Reached skill level 5 in Ranged Weapons
  2066 | D:3      | 2066 ||| READING scroll labelled AGEGUEFOIXT.
  2067 | D:3      | 2067 ||| DRINKING 2 blue potions.
  2068 | D:3      | 2068 ||| DRINKING 2 murky inky potions.
  2069 | D:3      | 2069 ||| DROPPING potion of brilliance.
  2302 | D:4      | Found a hide-covered altar of Uskayaw.
  2331 | D:4      | Reached skill level 3 in Fighting
  2331 | D:4      | Reached XP level 5. HP: 45/45 MP: 5/5
  2531 | D:4      | Noticed an ogre
  2539 | D:4      | Killed an ogre
  2540 | D:4      | Reached skill level 6 in Ranged Weapons
  2560 | D:4      | Identified the ring of Tender Moments {Fly Will- Int+6}
  2596 | D:4      | Reached XP level 6. HP: 52/52 MP: 6/6
  2837 | D:4      | Found a snail-covered altar of Cheibriados.
  3015 | D:4      | 3015 ||| UPGRADING to +0 pair of boots.
  3020 | D:4      | 3020 ||| DROPPING ring of Tender Moments {Fly Will- Int+6}.
  3021 | D:4      | 3021 ||| READING scroll labelled MOUTUISSOTZ.
  3030 | D:5      | Entered Level 5 of the Dungeon
  3052 | D:5      | You fall into a shaft and drop 1 floor!
  3078 | D:6      | 3078 ||| Stepping ~*~*~tactically~*~*~ (outnumbered).
  3111 | D:6      | HP: 13/52 [gnoll/+0 halberd (11)]
  3112 | D:6      | 3112 ||| READING 3 scrolls of teleportation.
  3114 | D:6      | HP: 4/52 [gnoll/+0 halberd (10)]
  3115 | D:6      | 3115 ||| DRINKING 3 potions of heal wounds.
  3191 | D:6      | 3191 ||| FLEEEEING.
  3192 | D:6      | 3192 ||| FLEEEEING.
  3193 | D:6      | 3193 ||| STAIRDANCE
  3377 | D:5      | HP: 4/52 [centaur/arrow (12)]
  3378 | D:5      | 3378 ||| READING 2 scrolls of teleportation.
  3378 | D:5      | Shot with an arrow by a centaur

Levels and vault maps discovered:
D:1:      minmay_arrival_stair_chambers, layout_loops_ring
D:2:      minmay_inner_zag, layout_rooms, serial_glass, glass_columns_a,
          glass_columns_b, chequers_serial_rivers_small_b
D:3:      layout_basic, kennysheep_cross_room, minmay_door_square
D:4:      layout_loops_ring, slow_altar_2, mainiacjoe_overflow_24_doors
D:5:      layout_loops_ring, zin_statuary, minmay_liquid_box,
          minmay_misc_feat_more_columns
D:6:      layout_basic, minitemple, dreamdust_gnoll_farm

Skill      XL: |  1  2  3  4  5  6 |
---------------+-------------------+-----
Ranged Weapons | 3 4 5 6 |  6.5
Fighting       | 2 3 4 |  4.3
Armour         | 1 |  1.0
Dodging        | |  2.1
Spellcasting   | |  1.0
Hexes          | |  2.0

Action                     |  1- 3 |  4- 6 || total
---------------------------+-------+-------++-------
   Fire: Sling             |    93 |   166 ||   259
    Use: Scroll            |     5 |     4 ||     9
         Potion            |     2 |     4 ||     6
 Armour: Ring mail         |    13 |    18 ||    31
         Robe              |     1 |       ||     1
  Dodge: Dodged            |    35 |    72 ||   107

Table legend:
 A = Non-vault XP
 B = Vault XP
 C = Vault XP percentage of total XP
 D = Non-vault monster count
 E = Vault monster count
 F = Vault count percentage of total count
                 A         B        C        D         E       F
            +---------+---------+-------+---------+---------+-------
      Total |     459 |     108 |  19.0 |      67 |      10 |  13.0
            +---------+---------+-------+---------+---------+-------
        D:1 |      47 |       0 |   0.0 |      20 |       0 |   0.0
        D:2 |      52 |      32 |  38.1 |      13 |       6 |  31.6
        D:3 |      33 |       0 |   0.0 |      10 |       0 |   0.0
        D:4 |     262 |       5 |   1.9 |      20 |       1 |   4.8
        D:5 |      65 |       0 |   0.0 |       4 |       0 |   0.0
        D:6 |       0 |      71 | 100.0 |       0 |       3 | 100.0
            +---------+---------+-------+---------+---------+-------
